 Dungeon Crawl Stone Soup version 0.27.1-33-g824d729ab1 (webtiles) character file.

Game seed: 11441486503348628747

142 SensoryNuts the Slasher (level 5, -9/40 HPs)
             Began as a Demonspawn Gladiator on Dec 14, 2021.
             Killed by divine providence
             ... invoked by an orc priest
              (12 damage)
             ... on level 3 of the Dungeon.
             The game lasted 00:03:11 (2533 turns).

SensoryNuts the Slasher (Demonspawn Gladiator)      Turns: 2533, Time: 00:03:11

Health: -9/40      AC:  6    Str: 16    XL:     5   Next: 4%
Magic:  5/5        EV: 12    Int:  9    God:
Gold:   77         SH:  0    Dex: 14    Spells: 4/4 levels left

rFire    . . .     SeeInvis .   a - +0 long sword
rCold    . . .     Faith    .   (no shield)
rNeg     . . .     Spirit   .   b - +0 leather armour
rPois    .         Reflect  .   c - +0 helmet
rElec    .         Harm     .   (no cloak)
rCorr    .         Rampage  .   (no gloves)
Will     .....                  (no boots)
Stlth    +.........             (no amulet)
HPRegen  0.13/turn              (no ring)
MPRegen  0.09/turn              (no ring)

@: no status effects
A: claws 1, thin metallic scales 1
a: no special abilities


You were on level 3 of the Dungeon.
You visited 1 branch of the dungeon, and saw 3 of its levels.

You collected 77 gold pieces.

Inventory:

Hand Weapons
 a - a +0 long sword (weapon)
Missiles
 d - 3 throwing nets (quivered)
Armour
 b - a +0 leather armour (worn)
 c - a +0 helmet (worn)
Jewellery
 k - an amulet of magic regeneration
 m - a ring of see invisible
 n - an amulet of faith
Scrolls
 e - 2 scrolls of amnesia {unknown}
 f - 4 scrolls of teleportation {unknown}
 l - a scroll of noise {unknown}
Potions
 g - a potion of ambrosia
 i - 2 potions of curing {unknown}
 j - 2 potions of lignification {unknown}


   Skills:
 + Level 2.9 Fighting
 + Level 4.0 Long Blades
 + Level 2.0 Throwing
 + Level 1.2 Armour
 + Level 3.2 Dodging
 + Level 0.5 Stealth


You had 4 spell levels left.
You didn't know any spells.
Your spell library was empty.

Dungeon Overview and Level Annotations

Branches:
Dungeon (3/15)

Altars:
Fedhas
Vehumet

Shops:
D:1 [   D:3 !


Innate Abilities, Weirdness & Mutations

You have sharp fingernails.
You are partially covered in thin metallic scales. (AC +2)


Message History

The orc is moderately wounded.
The orc hits you with a +0 trident.
* * * LOW HITPOINT WARNING * * *
You hit the orc.
The orc is heavily wounded.
The orc closely misses you. The orc barely misses you.
You riposte.
You hit the orc.
The orc is almost dead.
You hit the orc.
You kill the orc!
The orc hits you but does no damage.
You slash the orc!
You kill the orc!
Your Long Blades skill increases to level 4!
You feel much better.
The orc priest hits you with a +1 short sword of holy wrath.
You convulse.
You hit the orc priest but do no damage.
The orc priest misses you.
You hit the orc priest.
The orc priest is lightly wounded.
The orc priest hits you with a +1 short sword of holy wrath.
You convulse.
You hit the orc priest.
The orc priest is moderately wounded.
The orc priest mumbles some strange prayers to Beogh against you.
Pain shoots through your body!
The orc priest hits you with a +1 short sword of holy wrath.
You convulse.
You hit the orc priest but do no damage.
The orc priest is moderately wounded.
The orc priest hits you with a +1 short sword of holy wrath.
* * * LOW HITPOINT WARNING * * *
You convulse.
* * * LOW HITPOINT WARNING * * *
You hit the orc priest.
The orc priest is severely wounded.
The orc priest invokes the aid of Beogh against you.
Beogh smites you!
You die...

### #.# #######.#
........#
#######.############
#.##......@o.#
#######.##.#######.#
........##.#######........
##########......##........
#......##........
#......##........ ######
#......##........ .....#
###'#####.###.... .....#
#####.# #.. ....


You could see an orc priest.

Vanquished Creatures
  Natasha (thrice) (D:2)
  Robin (D:2)
  2 orcs (D:3)
  3 ball pythons
  7 endoplasms
  2 giant cockroaches (D:1)
  11 goblins
  6 hobgoblins
  A jackal (D:1)
  6 kobolds
  2 quokkas
  3 bats (D:1)
  2 frilled lizards
  A rat (D:1)
50 creatures vanquished.

Notes
Turn   | Place    | Note
-------+----------+-------------------------------------------
     0 | D:1      | SensoryNuts the Demonspawn Gladiator began the quest for
                  | the Orb.
     0 | D:1      | Reached XP level 1. HP: 16/16 MP: 1/1
   282 | D:1      | Found Teluv's Antique Armour Shoppe.
   309 | D:1      | Gained mutation: You are partially covered in thin metallic
                  | scales. (AC +2) [demonic ancestry]
   309 | D:1      | Reached XP level 2. HP: 22/22 MP: 2/2
   580 | D:1      | Found a faded altar of an unknown god.
  1011 | D:1      | Reached skill level 3 in Long Blades
  1345 | D:2      | Gained mutation: You have sharp fingernails. [demonic
                  | ancestry]
  1345 | D:2      | Reached XP level 3. HP: 28/28 MP: 3/3
  1493 | D:2      | Noticed Natasha
  1498 | D:2      | Killed Natasha
  1575 | D:2      | Noticed Natasha
  1583 | D:2      | Killed Natasha
  1584 | D:2      | Reached XP level 4. HP: 17/34 MP: 4/4
  1620 | D:2      | Noticed Natasha
  1627 | D:2      | Killed Natasha
  1628 | D:2      | Reached skill level 1 in Armour
  1788 | D:2      | Noticed Robin
  1827 | D:2      | Killed Robin
  2265 | D:3      | Found Kicol's Distillery.
  2269 | D:3      | Found a blossoming altar of Fedhas.
  2283 | D:3      | Found a radiant altar of Vehumet.
  2405 | D:3      | Reached XP level 5. HP: 40/40 MP: 5/5
  2528 | D:3      | Reached skill level 4 in Long Blades
  2533 | D:3      | Killed from afar by an orc priest

Illustrated notes

Levels and vault maps discovered:
D:1:      lemuel_arrival_tunnels, layout_basic, serial_shops, shop,
          shapermc_ecumenical_altar_gd, minmay_liquid_box, minmay_tromino_v4_a
D:2:      layout_loops_ring, uniq_robin, uniq_natasha
D:3:      layout_basic, general_overflow_altar, fedhas_altar_1, serial_shops,
          shop, kennysheep_orc_chapel

Skill      XL: |  1  2  3  4  5 |
---------------+----------------+-----
Throwing       | 2 |  2.0
Dodging        | 3 |  3.2
Long Blades    | 3 4 |  4.0
Armour         | 1 |  1.2
Fighting       | |  2.9
Stealth        | |  0.5

Action                   |  1- 3 |  4- 6 || total
-------------------------+-------+-------++-------
Melee: Long sword        |    63 |    56 ||   119
  Use: Potion            |       |     3 ||     3
Armor: Leather armour    |    29 |    22 ||    51
Dodge: Dodged            |    48 |    43 ||    91
       Rpst.: Long sword |    15 |    12 ||    27
